 Dungeon Sprint DCSS version 0.19.1-1-g22dce08 (webtiles) character file.

74323 esteth the Slayer (level 15, -3/162 HPs)
             Began as a Minotaur Fighter on Jan 8, 2017.
             Was the Champion of Qazlal.
             Slain by a hornet (12 damage)
             ... in the Dungeon (Sprint V: "Ziggurat Sprint").
             The game lasted 00:17:33 (1957 turns).

esteth the Slayer (Minotaur Fighter)                Turns: 1957, Time: 00:17:34

Health: -3/162     AC: 36    Str: 39    XL:     15   Next: 6%
Magic:  1/28       EV: 11    Int:  7    God:    Qazlal [******]
Gold:   0          SH:  0    Dex:  9    Spells: 0 memorised, 14 levels left

rFire  . . .     SeeInvis +     y - +14 obsidian axe {chop, +Fly SInv *Curse} (curse)
rCold  . . .     Gourm    .     O - +15 Maxwell's patent armour {-Cast -Tele rElec MR+ rCorr}
rNeg   + . .     Faith    .     P - +18 shield of the Gong {rElec rN+ MR+ EV-5}
rPois  +         Spirit   .     (helmet restricted)
rElec  +         Reflect  .     b - +2 cloak {rPois}
rCorr  +         Harm     .     a - +2 pair of gloves {Str+3}
MR     +++..     NoTele   +     (no boots)
Stlth  .......... NoCast   +    c - amulet of rage
                                n - ring "Gechowin" {Str+2 Int+2 Slay+3}
                                G - +6 ring of strength

@: confused, lethally poisoned (-3 -> -58), protected from physical damage,
corroded, mesmerised, slowed, studying 2 skills, repel missiles, very slow
A: retaliatory headbutt, horns 2, deformed body, slow regeneration 1
a: Upheaval, Elemental Force, Disaster Area, Renounce Religion, Evoke Berserk
Rage, Evoke Flight


You were in the Dungeon.
You worshipped Qazlal.
Qazlal was exalted by your worship.
You were hungry.

You visited 1 branch

Inventory:

Hand Weapons
 y - the cursed +14 obsidian axe (weapon) {chop, +Fly SInv *Curse}
   (You found it in the Dungeon)

   It inflicts extra damage upon your enemies.
   It lets you see invisible.
   It lets you fly.
   It may re-curse itself when equipped.
   It has a curse placed upon it.
Armour
 a - a +2 pair of gloves of strength (worn)
 b - a +2 cloak of poison resistance (worn)
 O - the +15 Maxwell's patent armour (worn) {-Cast -Tele rElec MR+ rCorr}
   (You found it in the Dungeon)

   It insulates you from electricity.
   It affects your resistance to hostile enchantments.
   It prevents spellcasting.
   It prevents most forms of teleportation.
   It protects you from acid and corrosion.
 P - the +18 shield of the Gong (worn) {rElec rN+ MR+ EV-5}
   (You found it in the Dungeon)

   It affects your evasion (-5).
   It insulates you from electricity.
   It protects you from negative energy.
   It affects your resistance to hostile enchantments.
Rods
 Z - a +4 rod of shadows (5/10)
   (You took it off an orc warrior in the Dungeon)
Jewellery
 c - an amulet of rage (around neck)
 l - an uncursed ring of protection from cold
 m - an uncursed ring of protection from fire
 n - the ring "Gechowin" (right hand) {Str+2 Int+2 Slay+3}
   (You found it in the Dungeon)

   [ring of intelligence]

   It affects your strength (+2).
   It affects your intelligence (+2).
   It affects your accuracy and damage with ranged weapons and melee attacks
   (+3).
 G - a +6 ring of strength (left hand)
 H - a +6 ring of strength
 M - an uncursed ring of flight
 N - a +3 ring of intelligence
 Q - the ring of Zobeu {rElec rN+ MP+9 Int-2 SInv}
   (You found it in the Dungeon)

   [ring of magical power]

   It affects your intelligence (-2).
   It insulates you from electricity.
   It protects you from negative energy.
   It affects your magic capacity (+9).
   It lets you see invisible.
 R - the ring of the Voivode {rPois rF+ MR+ Dex+2 Stlth+}
   (You took it off a frost giant in the Dungeon)

   [ring of stealth]

   It affects your dexterity (+2).
   It protects you from fire.
   It protects you from poison.
   It affects your resistance to hostile enchantments.
   It makes you more stealthy.
 W - an uncursed ring of protection from fire
 X - an uncursed ring of protection from fire
 Y - an uncursed ring of protection from fire
Wands
 I - a wand of disintegration (7/24)
 J - a wand of iceblast (5/15)
 K - a wand of lightning (5/15)
 L - a wand of acid (5/15)
Scrolls
 k - 4 scrolls of blinking
 o - 4 scrolls of amnesia
 p - 3 scrolls of recharging
 q - 7 scrolls of fog
 r - a scroll of holy word
 s - 5 scrolls of identify
 t - 5 scrolls of remove curse
 u - 2 scrolls of fear
 D - 4 scrolls of enchant armour
 V - 2 scrolls of brand weapon
Potions
 d - 7 potions of might
 e - 10 potions of curing
 g - 11 potions of heal wounds
 h - 6 potions of haste
 i - 7 potions of magic
 j - 3 potions of berserk rage
 v - 2 potions of brilliance
 w - 2 potions of invisibility
 x - 4 potions of resistance
 z - a potion of experience
 A - 6 potions of agility
 T - a potion of ambrosia {unknown}
Books
 F - a manual of Throwing
 S - a book of the Sky

   Spells                             Type                      Level
   a - Summon Lightning Spire         Summoning/Air                4
   b - Airstrike                      Air                          4
   c - Silence                        Hexes/Air                    5
   d - Deflect Missiles               Charms/Air                   6
   e - Conjure Ball Lightning         Conjuration/Air              6
   f - Tornado                        Air                          9
 U - a manual of Long Blades
Comestibles
 f - 5 bread rations {@e1}
 B - 42 fruits
 C - 4 meat rations {@e2}
 E - 3 royal jellies


   Skills:
 - Level 22.6 Fighting
 - Level 20.9 Axes
 - Level 20.4 Armour
 + Level 18.4 Dodging
 - Level 10.6 Shields
 + Level 21.0 Invocations


You had 14 spell levels left.
You didn't know any spells.

Dungeon Overview and Level Annotations

Branches:
Dungeon (1/1)

Altars:
Ashenzari
Cheibriados
Dithmenos
Elyvilon
Fedhas
Gozag
Hepliaklqana
Kikubaaqudgha
Makhleb
Nemelex Xobeh
Okawaru
Qazlal
Ru
Sif Muna
Trog
Uskayaw
Vehumet
Xom
Yredelemnul
Zin
The Shining One
Beogh
Jiyva
Lugonu


Innate Abilities, Weirdness & Mutations

You reflexively headbutt those who attack you in melee.
You have a pair of horns on your head.
Armour fits poorly on your strangely shaped body.
You regenerate slowly when monsters are visible.


Message History

Your orange demon misses the tarantella.
Your orange demon hits the tarantella.
The tarantella looks weaker.
The neqoxec is engulfed in freezing vapours.
The neqoxec closely misses you.
The hornet is engulfed in roaring flames.
The demonic crawler closely misses you.
The demonic crawler hits you but does no damage. x2
Your ice devil hits the orb spider!
Your ice devil freezes the orb spider!
The orb spider dies!
Qazlal accepts your kill. The emperor scorpion stings you!!
* * * LOW HITPOINT WARNING * * *
The emperor scorpion claws you!
* * * LOW HITPOINT WARNING * * *
You feel more protected from physical attacks.
The emperor scorpion claws you but does no damage.
The entropy weaver is struck by lightning.
The entropy weaver gestures wildly while chanting.
The hornet stings you!
You die...

▓........
..|:).)=}|}))..▓........
..=|)[[===:)=..▓........
....))[[|=:....▓........
...............▓........
.........s†....▓..▓.....
......y§.4.....▓........
......yya§.....▓........
.....§s@§§.....▓........
.....5s3s§.....▓▓▓▓▓▓▓▓▓
...▓.§.§4§.▓... .
▓▓.....▓▓ .
...▓.......▓...
...............
...............
▓▓▓▓▓▓▓▓▓▓▓▓▓▓▓


You could see an emperor scorpion (berserk), an entropy weaver, a demonic
crawler, a moth of wrath, an orb spider, 2 hornets, a neqoxec, a tarantella
(berserk), an iron imp, a friendly orange demon (confused) and a friendly ice
devil.

Vanquished Creatures
  An acid blob (D)
  3 thorn hunters (D)
  2 azure jellies (D)
  2 nagarajas (D)
  A fire giant (D)
  2 frost giants (D)
  2 ghost moths (D)
  2 ghouls (D)
  3 orc warlords (D)
  An ironheart preserver (D)
  2 spriggan defenders (D)
  2 apis (D)
  2 stone giants (D)
  A blizzard demon (D)
  A death ooze (D)
  2 ice dragons (D)
  4 vault guards (D)
  2 naga warriors (D)
  4 spriggan air magi (D)
  2 satyrs (D)
  2 spriggan berserkers (D)
  2 orc high priests (D)
  3 spriggan druids (D)
  A flayed ghost (D)
  2 necromancers (D)
  A hill giant (D)
  6 orc knights (D)
  4 ugly things (D)
  An oklob plant (D)
  5 wolf spiders (D)
  2 cyclopes (D)
  3 orc sorcerers (D)
  An orb spider (shapeshifter) (D)
  A salamander (shapeshifter) (D)
  2 shining eyes (D)
  2 naga magi (D)
  A black mamba (D)
  A guardian serpent (D)
  An eye of devastation (D)
  2 komodo dragons (shapeshifter) (D)
  4 rime drakes (D)
  A dryad (D)
  3 ice devils (D)
  2 demonic crawlers (D)
  An efreet (D)
  A freezing wraith (D)
  2 merfolk (D)
  3 polar bears (D)
  A jumping spider (D)
  A wind drake (D)
  4 trolls (D)
  4 hornets (D)
  7 slime creatures (D)
  A two-headed ogre (D)
  A hippogriff (shapeshifter) (D)
  5 hippogriffs (D)
  A redback (D)
  2 spriggans (D)
  Sigmund (D)
  5 tarantellas (D)
  2 vampires (D)
  3 yaks (D)
  A golden eye (D)
  A basilisk (D)
  3 nagas (D)
  2 wargs (D)
  2 ice beasts (D)
  4 water moccasins (D)
  An eye of draining (D)
  13 orc warriors (D)
  A necrophage (D)
  4 ogres (D)
  2 wolves (D)
  Blork the orc (D)
  A small abomination (D)
  4 scorpions (D)
  4 wights (D)
  A crimson imp (D)
  3 quasits (D)
  5 jellies (D)
  3 orc priests (D)
  2 iron imps (D)
  3 orc wizards (D)
  Crazy Yiuf (D)
  Jessica (D)
  5 adders (D)
  2 white imps (D)
  2 ufetubi (D)
  An ooze (D)
  2 adder skeletons (D)
  An adder simulacrum (D)
  5 ball pythons (D)
  2 bat skeletons (D)
  A bat zombie (D)
  A leopard gecko zombie (D)
  A quokka skeleton (D)
  2 butterflies (D)
227 creatures vanquished.

Vanquished Creatures (collateral kills)
  A spriggan air mage (D)
  An orc knight (D)
  An orb spider (D)
  A shadow (D)
  2 white imps (D)
6 creatures vanquished.

Vanquished Creatures (others)
  A spatial maelstrom (D)
1 creature vanquished.

Grand Total: 234 creatures vanquished

Notes
Turn   | Place    | Note
-------+----------+-------------------------------------------
     0 | D        | esteth the Minotaur Fighter began the quest for the Orb.
     0 | D        | Reached XP level 1. HP: 19/19 MP: 0/0
     6 | D        | Banished a spatial maelstrom
    13 | D        | Found a blossoming altar of Fedhas.
    25 | D        | Found a viscous altar of Jiyva.
    25 | D        | Found a hazy altar of Hepliaklqana.
    25 | D        | Found an opulent altar of Gozag.
    25 | D        | Found an ancient bone altar of Kikubaaqudgha.
    25 | D        | Found a corrupted altar of Lugonu.
    33 | D        | Found a burning altar of Makhleb.
    38 | D        | Found a sacrificial altar of Ru.
    38 | D        | Found a deep blue altar of Sif Muna.
    38 | D        | Found a stormy altar of Qazlal.
    38 | D        | Found a bloodstained altar of Trog.
    38 | D        | Found an iron altar of Okawaru.
    38 | D        | Found a sparkling altar of Nemelex Xobeh.
    61 | D        | Got the +9 broad axe of Eternal Vigilance {chop, rElec Str+5}
    96 | D        | Became a worshipper of Qazlal Stormbringer
   116 | D        | Entered arena 1.
   116 | D        | Noticed an iron imp
   121 | D        | Killed an iron imp
   121 | D        | Reached skill level 5 in Fighting
   121 | D        | Reached skill level 5 in Armour
   121 | D        | Reached skill level 5 in Shields
   121 | D        | Reached XP level 2. HP: 29/29 MP: 1/1
   121 | D        | Reached XP level 3. HP: 36/36 MP: 2/2
   130 | D        | Entered arena 2.
   133 | D        | Reached * piety under Qazlal
   134 | D        | Reached skill level 6 in Fighting
   134 | D        | Reached skill level 5 in Axes
   146 | D        | Entered arena 3.
   146 | D        | Noticed a spriggan
   146 | D        | Noticed a wolf
   146 | D        | Noticed a wolf
   146 | D        | Noticed a spriggan
   147 | D        | Killed a wolf
   147 | D        | Reached ** piety under Qazlal
   147 | D        | Reached skill level 7 in Fighting
   147 | D        | Reached XP level 4. HP: 47/47 MP: 3/3
   151 | D        | Killed a spriggan
   151 | D        | Reached skill level 9 in Fighting
   151 | D        | Reached XP level 5. HP: 57/57 MP: 4/4
   151 | D        | Reached XP level 6. HP: 63/63 MP: 5/5
   152 | D        | Killed a spriggan
   152 | D        | Reached skill level 10 in Fighting
   152 | D        | Reached skill level 10 in Axes
   152 | D        | Reached skill level 10 in Shields
   156 | D        | Reached XP level 7. HP: 73/73 MP: 6/6
   174 | D        | Entered arena 4.
   174 | D        | Noticed Sigmund
   174 | D        | Noticed Jessica
   174 | D        | Noticed Blork the orc
   174 | D        | Noticed Crazy Yiuf
   177 | D        | Killed Crazy Yiuf
   177 | D        | Reached *** piety under Qazlal
   177 | D        | Reached skill level 1 in Invocations
   179 | D        | Killed Jessica
   181 | D        | Killed Blork the orc
   182 | D        | Killed Sigmund
   182 | D        | Reached skill level 5 in Invocations
   205 | D        | Entered arena 5.
   205 | D        | Noticed a tarantella
   208 | D        | Killed a tarantella
   208 | D        | Reached **** piety under Qazlal
   210 | D        | Reached XP level 8. HP: 81/81 MP: 9/11
   211 | D        | Reached ***** piety under Qazlal
   223 | D        | Entered arena 6.
   245 | D        | Entered arena 7.
   245 | D        | Noticed a vault guard
   245 | D        | Noticed a vault guard
   245 | D        | Noticed a fire crab
   245 | D        | Noticed a vault guard
   245 | D        | Noticed a vault guard
   245 | D        | Noticed an ironheart preserver
   248 | D        | Noticed a dream sheep
   248 | D        | a fire crab changed into a dream sheep
   249 | D        | Noticed a komodo dragon
   249 | D        | a dream sheep changed into a komodo dragon
   253 | D        | Killed an ironheart preserver
   253 | D        | Reached skill level 15 in Axes
   253 | D        | Reached skill level 10 in Invocations
   253 | D        | Reached XP level 9. HP: 74/86 MP: 1/16
   255 | D        | Killed a vault guard
   257 | D        | Killed a vault guard
   257 | D        | Reached XP level 10. HP: 82/94 MP: 2/18
   258 | D        | Killed a vault guard
   259 | D        | Reached ****** piety under Qazlal
   259 | D        | Identified a +9 rod of clouds (4/10)
   262 | D        | Killed a vault guard
   280 | D        | Entered arena 8.
   354 | D        | Entered arena 9.
   354 | D        | Noticed a naga mage
   356 | D        | Killed a naga mage
   356 | D        | Reached skill level 15 in Invocations
   389 | D        | Entered arena 10.
   389 | D        | Noticed a brown ugly thing
   389 | D        | Noticed a white ugly thing
   389 | D        | Noticed a shining eye
   389 | D        | Noticed a salamander
   389 | D        | Noticed an orb spider
   389 | D        | Noticed a red ugly thing
   389 | D        | Noticed a purple ugly thing
   391 | D        | Killed an orb spider
   391 | D        | Reached XP level 11. HP: 101/101 MP: 7/21
   395 | D        | Killed a purple ugly thing
   397 | D        | Killed a red ugly thing
   397 | D        | Killed a white ugly thing
   398 | D        | Gained mutation: Armour fits poorly on your strangely shaped body. [a shining eye]
   399 | D        | Killed a white ugly thing
   401 | D        | Killed a shining eye
   496 | D        | Entered arena 11.
   496 | D        | Noticed a hill giant
   497 | D        | Noticed a frost giant
   497 | D        | Noticed a fire giant
   497 | D        | Noticed a stone giant
   504 | D        | Reached skill level 11 in Fighting
   505 | D        | Killed a hill giant
   506 | D        | Reached skill level 5 in Dodging
   512 | D        | Killed a stone giant
   512 | D        | Reached skill level 12 in Fighting
   514 | D        | Killed a fire giant
   516 | D        | Killed a frost giant
   516 | D        | Reached skill level 13 in Fighting
   516 | D        | Reached skill level 10 in Dodging
   516 | D        | Reached XP level 12. HP: 51/115 MP: 12/23
   775 | D        | Entered arena 12.
   776 | D        | Noticed an orc high priest
   781 | D        | Killed an orc high priest
   781 | D        | Reached skill level 14 in Fighting
   825 | D        | Entered arena 13.
   831 | D        | Reached skill level 15 in Fighting
   834 | D        | Reached skill level 10 in Armour
   905 | D        | Entered arena 14.
   906 | D        | Noticed a spriggan air mage
   907 | D        | Noticed a thorn hunter
   907 | D        | Noticed an apis
   907 | D        | Noticed a spriggan defender
   908 | D        | Noticed a thorn hunter
   914 | D        | Killed a thorn hunter
   914 | D        | Reached skill level 16 in Fighting
   916 | D        | Killed a spriggan defender
   918 | D        | Identified a +0 rod of shadows (8/13)
   920 | D        | Killed a spriggan air mage
   920 | D        | Reached skill level 17 in Fighting
   927 | D        | Killed an apis
   933 | D        | Killed a thorn hunter
   933 | D        | Reached skill level 18 in Fighting
   933 | D        | Reached XP level 13. HP: 79/134 MP: 0/24
   933 | D        | Killed a ghost moth
   934 | D        | Reached skill level 15 in Armour
  1208 | D        | Entered arena 15.
  1209 | D        | Noticed a nagaraja
  1210 | D        | Noticed a nagaraja
  1220 | D        | Reached skill level 19 in Fighting
  1224 | D        | Killed a nagaraja
  1230 | D        | Killed a nagaraja
  1230 | D        | Reached skill level 20 in Fighting
  1290 | D        | Entered arena 16.
  1299 | D        | Noticed a spriggan defender
  1302 | D        | Noticed an apis
  1305 | D        | Noticed a thorn hunter
  1312 | D        | Killed an apis
  1320 | D        | Killed a spriggan defender
  1320 | D        | Reached skill level 21 in Fighting
  1325 | D        | Killed a thorn hunter
  1506 | D        | Entered arena 17.
  1513 | D        | Reached skill level 22 in Fighting
  1514 | D        | Noticed a ghoul
  1514 | D        | Noticed a ghoul
  1522 | D        | Killed a ghoul
  1523 | D        | Killed a ghoul
  1523 | D        | Reached XP level 14. HP: 155/155 MP: 25/25
  1539 | D        | Got the ring of Zobeu {rElec rN+ MP+9 Int-2 SInv}
  1547 | D        | Entered arena 18.
  1550 | D        | Noticed an acid blob
  1550 | D        | Noticed an azure jelly
  1550 | D        | Noticed an azure jelly
  1551 | D        | Gained mutation: You regenerate slowly when monsters are visible. [a shining eye]
  1553 | D        | Killed an azure jelly
  1558 | D        | Killed an acid blob
  1563 | D        | Killed an azure jelly
  1608 | D        | Got the ring "Gechowin" {Str+2 Int+2 Slay+3}
  1622 | D        | Entered arena 19.
  1632 | D        | Noticed a frost giant
  1648 | D        | Killed a frost giant
  1657 | D        | Reached skill level 15 in Dodging
  1682 | D        | Got the ring of the Voivode {rPois rF+ MR+ Dex+2 Stlth+}
  1854 | D        | Entered arena 20.
  1871 | D        | Noticed a stone giant
  1871 | D        | Noticed an orc warlord
  1872 | D        | Noticed an orc warlord
  1873 | D        | Identified a +4 rod of shadows (5/10)
  1874 | D        | Noticed an orc warlord
  1879 | D        | Killed an orc warlord
  1881 | D        | Killed a stone giant
  1886 | D        | Killed an orc warlord
  1899 | D        | Killed an orc warlord
  1937 | D        | Entered arena 21.
  1940 | D        | Noticed an emperor scorpion
  1941 | D        | Noticed a ghost moth
  1942 | D        | Noticed an entropy weaver
  1951 | D        | Reached XP level 15. HP: 124/162 MP: 0/28
  1953 | D        | Paralysed by a hornet for 3 turns
  1956 | D        | Killed a ghost moth
  1957 | D        | Slain by a hornet

Skill      XL: |  1  2  3  4  5  6  7  8  9 10 11 12 13 14 15 |
---------------+----------------------------------------------+-----
Fighting       | 5 7 9 10 13 18 22 | 22.6
Axes           | 4 6 8 10 12 15 17 19 20 | 20.9
Armour         | 5 14 20 | 20.4
Shields        | 5 7 9 10 | 10.6
Invocations    | 6 10 12 15 16 20 21 | 21.0
Dodging        | 10 18 | 18.4

Action                   |  1- 3 |  4- 6 |  7- 9 | 10-12 | 13-15 || total
-------------------------+-------+-------+-------+-------+-------++-------
Melee: Broad axe         |     8 |     9 |    23 |    79 |   159 ||   278
       Headbutt          |     1 |     1 |     4 |    23 |    35 ||    64
Invok: Upheaval          |       |       |     3 |    11 |     9 ||    23
       Disaster Area     |       |       |       |     1 |     1 ||     2
  Use: Potion            |       |       |       |       |     1 ||     1
 Stab: Distracted        |       |       |       |       |     1 ||     1
  Eat: Chunk             |       |       |       |       |     3 ||     3
Armor: Plate armour      |     1 |     6 |     4 |    12 |   111 ||   134
Dodge: Dodged            |       |       |       |     3 |    40 ||    43
       Deflected         |       |       |       |     1 |     2 ||     3
Block: Shield            |     9 |    21 |    24 |    93 |   253 ||   400
